 Dungeon Crawl Stone Soup version 0.20.1-1-g8b1a95d (webtiles) character file.

72 equalderp2856 the Covered (level 4, 0/41 HPs)
             Began as a Minotaur Fighter on July 25, 2017.
             Engulfed by a cloud of steam (10 damage)
             ... on level 2 of the Dungeon.
             The game lasted 00:02:10 (1432 turns).

equalderp2856 the Covered (Minotaur Fighter)        Turns: 1432, Time: 00:02:10

Health: 0/41       AC:  7    Str: 20    XL:     4   Next: 7%
Magic:  3/3        EV:  7    Int:  5    God:
Gold:   150        SH:  9    Dex: 11    Spells: 3/3 levels left

rFire    . . .     SeeInvis .   a - +0 war axe
rCold    . . .     Gourm    .   c - +0 shield
rNeg     . . .     Faith    .   b - +0 scale mail
rPois    .         Spirit   .   (helmet restricted)
rElec    .         Reflect  .   (no cloak)
rCorr    .         Harm     +   (no gloves)
MR       .....                  (no boots)
Stlth    ..........             k - amulet of harm
Regen    0.2/turn               (no ring)
MPRegen  0.1/turn               (no ring)

@: very slow
A: retaliatory headbutt, horns 2
a: no special abilities


You were on level 2 of the Dungeon.
You were not hungry.

You visited 1 branch of the dungeon, and saw 2 of its levels.

You collected 150 gold pieces.

Inventory:

Hand Weapons
 a - a +0 war axe (weapon)
Armour
 b - a +0 scale mail (worn)
 c - a +0 shield (worn)
Jewellery
 k - an amulet of harm (around neck)
Scrolls
 e - a scroll of fear {unknown}
 i - a scroll of fog {unknown}
 l - a scroll of amnesia {unknown}
Potions
 d - a potion of might
 h - 2 potions of magic {unknown}
 j - a potion of heal wounds {unknown}
 n - a potion of cancellation {unknown}
Comestibles
 f - 3 bread rations
 g - a royal jelly
 m - a chunk of flesh


   Skills:
 + Level 4.3 Fighting
 + Level 3.0 Axes
 + Level 4.3 Armour
 + Level 0.7 Dodging
 + Level 4.3 Shields


You had 3 spell levels left.
You didn't know any spells.

Dungeon Overview and Level Annotations

Branches:
Dungeon (2/15)

Altars:


Innate Abilities, Weirdness & Mutations

You reflexively headbutt those who attack you in melee.
You have a pair of horns on your head.


Message History

Where to? (? - help)
Okay, then.
Put on which piece of jewellery? (? for menu, Esc to quit)
k - an amulet of harm (around neck)
You enter the shallow water.
Moving in this stuff is going to be slow.
Really walk into a travel-excluded area? [Y]es or [N]o only, please.
Really walk into a travel-excluded area?
You are engulfed in a cloud of scalding steam.
You are engulfed in a cloud of scalding steam.
You are engulfed in a cloud of scalding steam.
You are engulfed in a cloud of scalding steam.
* * * LOW HITPOINT WARNING * * *
You are engulfed in a cloud of scalding steam.
You are engulfed in a cloud of scalding steam.
* * * LOW HITPOINT WARNING * * *
You are engulfed in a cloud of scalding steam.
You are engulfed in a cloud of scalding steam.
You die...

..............+.....+............
#.#<........###.....##+#.##.#.###
#.#.###..................##.#.#
#.#........(.≈...........##.#.#
............§≈≈...............#
............≈≈§≈..§......##.#####
..........§.§≈≈≈.§§..............
...........≈≈§≈≈§.§......##.#####
...........≈≈§§≈@≈........#.#
...........≈≈§§§§§§.§...#.#.#
#######....≈≈§§§§§≈...###...#
#....≈≈≈≈≈≈≈≈≈≈.# ##..# #####
#.....≈≈≈≈≈≈....# #..# ....#
#.....≈≈≈≈).....# #..# ....#
#......≈......§(## #.># ....#
#......≈.........# ##.# †...#
#................####.#


There were no monsters in sight!

Vanquished Creatures
  Robin (D:2)
  4 dart slugs
  2 leopard geckos
  3 bats
  2 giant cockroaches
  8 hobgoblins
  4 kobolds
  2 frilled lizards
  13 goblins
  9 rats
48 creatures vanquished.

Vanquished Creatures (others)
  2 goblins (D:2)
2 creatures vanquished.

Grand Total: 50 creatures vanquished

Notes
Turn   | Place    | Note
-------+----------+-------------------------------------------
     0 | D:1      | equalderp2856 the Minotaur Fighter began the quest for the Orb.
     0 | D:1      | Reached XP level 1. HP: 19/19 MP: 0/0
   152 | D:1      | Reached XP level 2. HP: 23/27 MP: 1/1
   720 | D:2      | Reached XP level 3. HP: 33/33 MP: 2/2
  1166 | D:2      | Noticed Robin
  1182 | D:2      | Killed Robin
  1182 | D:2      | Reached XP level 4. HP: 28/41 MP: 3/3
  1432 | D:2      | Engulfed by a cloud of steam

Skill      XL: |  1  2  3  4 |
---------------+-------------+-----
Armour         | 4 |  4.3
Shields        | 4 |  4.3
Fighting       | 4 |  4.3
Axes           | 3 |  3.0
Dodging        | |  0.7

Action                   |  1- 3 |  4- 6 || total
-------------------------+-------+-------++-------
Melee: War axe           |    99 |     2 ||   101
       Headbutt          |     8 |       ||     8
  Eat: Chunk             |       |     2 ||     2
Armor: Scale mail        |    42 |     2 ||    44
Dodge: Dodged            |    31 |       ||    31
Block: Shield            |    56 |     2 ||    58
